 Dungeon Crawl Stone Soup version 0.29-a0-1061-gbc57f8fbdb (webtiles) character file.

Game seed: 6435528314293881081

99 BritishOli the Trooper (level 4, -2/37 HPs)
             Began as a Demonspawn Fighter on Aug 18, 2022.
             Slain by a kobold
             ... wielding a +0 short sword
              (3 damage)
             ... on level 6 of the Dungeon.
             The game lasted 00:01:39 (3521 turns).

BritishOli the Trooper (Demonspawn Fighter)         Turns: 3521, Time: 00:01:40

Health: -2/37      AC:  8    Str: 18    XL:     4   Next: 45%
Magic:  4/4        EV:  9    Int: 10    God:
Gold:   195        SH:  4    Dex: 12    Spells: 3/3 levels left

rFire   + . .      SeeInvis .   a - +0 long sword
rCold   . . .      Faith    .   c - +0 buckler
rNeg    . . .      Spirit   .   b - +0 scale mail
rPois   .          Reflect  .   (no helmet)
rElec   .          Harm     .   (no cloak)
rCorr   .          Rampage  .   (no gloves)
Will    .....                   (no boots)
Stlth   ..........              (no amulet)
HPRegen 0.12/turn               q - ring of protection from fire
MPRegen 0.09/turn               (no ring)

@: no status effects
A: yellow scales 1, demonic touch 1
a: no special abilities


You were on level 6 of the Dungeon.
You visited 1 branch of the dungeon, and saw 6 of its levels.

You collected 195 gold pieces.

Inventory:

Hand Weapons
 a - a +0 long sword (weapon)
Armour
 b - a +0 scale mail (worn)
 c - a +0 buckler (worn)
Jewellery
 q - a ring of protection from fire (left hand)
 r - a ring of fire
Wands
 t - a wand of acid (6)
Scrolls
 e - 2 scrolls of identify {unknown}
 f - 5 scrolls of immolation {unknown}
 g - a scroll of enchant armour {unknown}
 j - 2 scrolls of teleportation {unknown}
 l - a scroll of torment {unknown}
 m - a scroll of noise {unknown}
 n - a scroll of magic mapping {unknown}
 o - a scroll of enchant weapon {unknown}
 p - a scroll of vulnerability {unknown}
 u - a scroll of poison {unknown}
Potions
 d - 2 potions of might
 h - 2 potions of curing {unknown}
 i - 2 potions of ambrosia {unknown}
 k - a potion of heal wounds {unknown}
 s - a potion of attraction {unknown}
 v - a potion of flight {unknown}


   Skills:
 + Level 3.7 Fighting
 + Level 2.6 Long Blades
 + Level 3.3 Armour
 + Level 3.3 Shields


You had 3 spell levels left.
You didn't know any spells.
Your spell library contained the following spells:

 Spells                   Type           Power      Damage    Failure   Level
 Sublimation of Blood     Necr           0%         N/A       93%         2
 Wereblood                Tmut           0%         N/A       93%         2
 Summon Hydra             Summ           0%         N/A       100%        7


Dungeon Overview and Level Annotations

Branches:
Dungeon (6/15)
 Temple: D:4-7

Altars:
Kikubaaqudgha


Innate Abilities, Weirdness & Mutations

You are partially covered in yellow scales. (AC +2)
Your touch may inflict minor irresistible damage on your foes.


Message History

The orc misses you. The kobold brigand closely misses you.
You block the orc's attack. The kobold hits you but does no damage.
The orc hits you from afar with a +0 trident!
The kobold brigand hits you but does no damage.
The orc barely misses you. The orc barely misses you.
The kobold brigand barely misses you. The orc barely misses you.
The kobold closely misses you. The orc misses you.
The kobold brigand hits you but does no damage.
The kobold hits you with a +0 short sword.
You block the orc's attack. The kobold closely misses you.
The kobold barely misses you.
The kobold brigand hits you with a +0 club.
The orc hits you but does no damage. The orc closely misses you.
The kobold hits you but does no damage. The kobold hits you but does no damage.
The kobold brigand hits you with a +0 club.
You block the orc's attack. The kobold hits you but does no damage.
The orc hits you with a +0 short sword. The kobold barely misses you.
The kobold brigand hits you with a +0 club.
* * * LOW HITPOINT WARNING * * *
The orc hits you but does no damage. You block the kobold's attack.
The orc hits you but does no damage. The kobold brigand barely misses you.
The kobold barely misses you. The orc hits you but does no damage.
You block the kobold's attack. The orc barely misses you.
The kobold hits you with a +0 short sword.
* * * LOW HITPOINT WARNING * * *
You block the kobold brigand's attack. The orc closely misses you.
The orc hits you but does no damage. The kobold hits you but does no damage.
The orc barely misses you. The kobold hits you but does no damage.
The kobold brigand hits you with a +0 club.
* * * LOW HITPOINT WARNING * * *
The orc hits you from afar with a +0 trident.
* * * LOW HITPOINT WARNING * * *
The kobold closely misses you. You block the orc's attack.
The kobold hits you with a +0 short sword.
You die...

.....# #....
..... ....
#..# #..#
######..#
#....o@K#
####.#KK......
# #o#####..
.o. #.. ....
#.#$ .....


You could see a kobold brigand, an orc wizard, 2 orcs and 2 kobolds.

Vanquished Creatures
  An iguana (D:4)
  2 adders (D:4)
  A shadow imp (D:5)
  2 worms (D:3)
  An orc (D:3)
  7 endoplasms
  2 giant cockroaches (D:2)
  5 goblins
  6 hobgoblins
  A quokka (D:3)
  2 ball pythons
  3 bats
  2 frilled lizards
  2 kobolds
  3 rats
40 creatures vanquished.

Notes
Turn   | Place    | Note
-------+----------+-------------------------------------------
     0 | D:1      | BritishOli the Demonspawn Fighter began the quest for the
                  | Orb.
     0 | D:1      | Reached XP level 1. HP: 18/18 MP: 1/1
   338 | D:1      | Gained mutation: You are partially covered in yellow
                  | scales. (AC +2) [demonic ancestry]
   338 | D:1      | Reached XP level 2. HP: 24/24 MP: 2/2
   954 | D:2      | Found an ancient bone altar of Kikubaaqudgha.
  1078 | D:2      | Found a faded altar of an unknown god.
  2123 | D:3      | Reached XP level 3. HP: 14/29 MP: 3/3
  3136 | D:4      | Gained mutation: Your touch may inflict minor irresistible
                  | damage on your foes. [demonic ancestry]
  3136 | D:4      | Reached XP level 4. HP: 3/37 MP: 4/4
  3489 | D:5      | Entered Level 5 of the Dungeon
  3503 | D:6      | Noticed a kobold brigand
  3520 | D:6      | HP: 1/37 [orc/+0 trident (3)]
  3521 | D:6      | Slain by a kobold

Illustrated notes

Levels and vault maps discovered:
D:1:      minmay_arrival_loop, layout_loops_ring
D:2:      wad_lake_hut, layout_basic, basic_altar,
          hellmonk_ecumenical_altar_heavens_door
D:3:      layout_basic
D:4:      layout_gridville
D:5:      layout_basic, serial_rivers, chequers_serial_rivers_micro_e,
          chequers_serial_rivers_micro_a, chequers_serial_rivers_micro_e,
          chequers_serial_rivers_marsh, hangedman_glass_garden,
          amcnicky_mini_rare_corridor_liquid
D:6:      cheibrodos_barr_body, layout_basic, minmay_temple_entry_nine_rooms,
          gammafunk_ghost_necromancy, serial_shops, kennysheep_little_box,
          roderic_roman_lattice

Skill      XL: |  1  2 |
---------------+-------+-----
Long Blades    | 2 |  2.6
Armour         | 3 |  3.3
Shields        | 3 |  3.3
Fighting       | |  3.7

Action                   |  1- 3 |  4- 6 || total
-------------------------+-------+-------++-------
Melee: Long sword        |   151 |     6 ||   157
Armor: Scale mail        |    74 |    21 ||    95
Dodge: Dodged            |    76 |    28 ||   104
Block: Buckler           |    28 |    10 ||    38

Table legend: (Time is in decaauts)
 A = Elapsed time spent in this place.
 B = Non-inter-level travel time spent in this place.
 C = Inter-level travel time spent in this place.
 D = Time resting spent in this place.
 E = Time spent auto-exploring this place.
 F = Levels seen in this place.
 G = Mean time per level.
                   A        B        C        D        E       F      G
               +--------+--------+--------+--------+--------+-----+--------+
         Total |   3610 |   3448 |    162 |    277 |   2783 |   6 |  601.7 |
       Dungeon |   3610 |   3448 |    162 |    277 |   2783 |   6 |  601.7 |
               +--------+--------+--------+--------+--------+-----+--------+

Top non-repeatable levels by time:
     D:2: 1198 daAuts
     D:3: 924 daAuts
     D:1: 892 daAuts
     D:4: 562 daAuts
     D:6: 19 daAuts
     D:5: 13 daAuts
